 Dungeon Crawl Stone Soup version 0.28.0 (webtiles) character file.

Game seed: 5614018484884204121

647 vilexy the Conjurer (level 7, -15/38 HPs)
             Began as a Gargoyle Conjurer on Feb 18, 2022.
             Was an Initiate of Ru.
             Demolished by an orc warrior (20 damage)
             ... on level 5 of the Dungeon.
             The game lasted 00:16:07 (5815 turns).

vilexy the Conjurer (Gargoyle Conjurer)             Turns: 5815, Time: 00:16:08

Health: -15/38     AC:  8    Str: 10    XL:     7   Next: 52%
Magic:  14/14      EV: 11    Int: 21    God:    Ru [......]
Gold:   98         SH:  0    Dex:  8    Spells: 5/16 levels left

rFire   . . .      SeeInvis .   f - +0 dagger
rCold   . . .      Faith    .   (no shield)
rNeg    + . .      Spirit   .   a - +0 robe
rPois   ∞          Reflect  .   (no helmet)
rElec   +          Harm     .   (no cloak)
rCorr   .          Rampage  .   o - +1 Delatra's gloves {ID++}
Will    .....                   (no boots)
Stlth   ++........              (no amulet)
HPRegen 0.12/turn               (no ring)
MPRegen 0.14/turn               (no ring)

@: about to teleport
A: sickness immunity, AC +4, negative energy resistance 1, electricity
resistance, torment resistance 1, petrification resistance, subdued magic 1
a: Renounce Religion


You were on level 5 of the Dungeon.
You worshipped Ru.
Ru was noncommittal.
You visited 2 branches of the dungeon, and saw 6 of its levels.

You collected 98 gold pieces.

Inventory:

Hand Weapons
 f - a +0 dagger (weapon)
Missiles
 d - 84 stones
 i - 3 javelins
 t - a throwing net
Armour
 a - a +0 robe (worn)
 o - the +1 Delatra's gloves (worn) {ID++}
   (You found it on level 2 of the Dungeon)

   It heals its wearer when they drink unknown potions.
   It restores its wearer's MP when they read unknown scrolls.
Jewellery
 g - a ring of ice
Wands
 s - a wand of iceblast (13)
 v - a wand of flame (17)
Scrolls
 e - 3 scrolls of holy word
 h - 5 scrolls of teleportation
 k - a scroll of fog {unknown}
 m - a scroll of immolation {unknown}
 n - 2 scrolls of torment {unknown}
 u - a scroll of vulnerability {unknown}
Potions
 b - a potion of flight
 c - a potion of heal wounds
 j - a potion of invisibility
 l - 2 potions of cancellation
 p - 2 potions of curing {unknown}
 q - a potion of lignification {unknown}
 r - 2 potions of attraction {unknown}


   Skills:
 - Level 1.3 Fighting
 - Level 0.9 Short Blades
 - Level 1.5 Dodging
 - Level 2.1 Stealth
 + Level 5.1 Spellcasting
 + Level 7.6 Conjurations


You had 5 spell levels left.
You knew the following spells:

 Your Spells              Type           Power      Damage    Failure   Level
a - Magic Dart            Conj           100%       1d8       1%          1
b - Searing Ray           Conj           56%        2d6       1%          2
c - Fulminant Prism       Conj/Hex       8%         3d7       19%         4
d - Iskenderun's Mystic   Conj/Tloc      16%        2d5       19%         4

Your spell library contained the following spells:

 Spells                   Type           Power      Damage    Failure   Level
 Dazzling Flash           Conj/Hex       32%        N/A       5%          3
 Stone Arrow              Conj/Erth      32%        3d9       5%          3
 Sandblast                Erth           8%         2d5       9%          1
 Passwall                 Tmut/Erth      3%         N/A       13%         2
 Inner Flame              Hex/Fire       4%         N/A       28%         3
 Cause Fear               Hex            2%         N/A       67%         4
 Summon Ice Beast         Ice/Summ       4%         N/A       67%         4
 Summon Mana Viper        Hex/Summ       4%         N/A       95%         5
 Monstrous Menagerie      Summ           2%         N/A       100%        7
 Discord                  Hex            2%         N/A       100%        8


Dungeon Overview and Level Annotations

Branches:
Dungeon (5/15)             Temple (1/1) D:4

Altars:
Cheibriados
Dithmenos
Elyvilon
Gozag
Kikubaaqudgha
Makhleb
Nemelex Xobeh
Qazlal
Ru
Sif Muna
Trog
Vehumet
Wu Jian
Xom
Zin
The Shining One

Shops:
D:4 ?


Innate Abilities, Weirdness & Mutations

You are immune to sickness and miasma.
Your stone body is resilient. (AC +4)
You are immune to poison.
You resist negative energy. (rN+)
You are resistant to electric shocks. (rElec)
You are resistant to unholy torment.
You are immune to petrification.
Your spells are a little easier to cast, but a little less powerful.


Message History

The orc warrior barely misses you.
The searing ray misses the orc warrior.
The searing ray hits the orc priest.
The orc priest is moderately wounded.
You finish channelling your searing ray.
The orc warrior closely misses you.
The orc priest miscasts a cantrip.
Casting: Searing Ray (safe; 1% risk of failure)
Confirm with . or Enter, or press ? or * to list all spells.
Aiming: Searing Ray (safe; 1% risk of failure)
Press: ? - help, Shift-Dir - straight line, f/p - orc warrior
Aim: an orc warrior, wielding a +0 glaive and wearing a +0 chain mail (heavily wounded, 77% to hit)
The searing ray hits the orc priest.
The orc priest is almost dead.
The searing ray hits the orc warrior but does no damage.
The orc warrior is heavily wounded. (Press . to maintain the ray.)
The orc priest calls upon Beogh to heal the orc warrior.
The orc warrior is healed somewhat.
You hear a shout!
The searing ray hits the orc priest.
You kill the orc priest!
The searing ray hits the orc warrior.
The orc warrior is heavily wounded.
You hear a shout!
The searing ray hits the orc warrior.
The orc warrior is heavily wounded.
The searing ray hits the orc priest.
The orc priest is severely wounded.
Without enough magic to sustain it, your searing ray dissipates.
The orc warrior closely misses you.
The orc priest looks encouraged for a moment.
As you read the scroll labelled CUMAENN UFUY, it crumbles to dust.
You feel strangely unstable.
It was a scroll of teleportation.
The energy of discovery flows from your fingertips!
Magic courses through your body.
The orc warrior hits you from afar with a +0 glaive!
* * * LOW HITPOINT WARNING * * *
The orc warrior hits you from afar with a +0 glaive!!
Ouch! That really hurt!
You die...

#. #.###### .......
..... .... .....
#o..... ....[ #o#...
#...##.#####:#...
#...##.....@.#..
#...########.#.#
######...# ###.#.#
.........######.....#
............<....#..##
.........###)........#
.....[...#.).##.###..##
.........#............#
.........#.###..##..###


You could see an orc warrior and an orc priest.

Vanquished Creatures
  A black bear (D:5)
  A necrophage (D:4)
  A scorpion (D:5)
  A water moccasin skeleton (D:5)
  2 orc priests
  A bullfrog skeleton (D:5)
  An orc wizard (D:2)
  A hound skeleton (D:4)
  6 adders
  7 gnolls (D:4)
  An ufetubus (D:5)
  An adder skeleton (D:4)
  2 worms
  3 dart slugs
  16 orcs
  3 ball pythons
  5 bats
  7 endoplasms
  3 giant cockroaches
  11 goblins
  3 hobgoblins
  2 jackals (D:1)
  4 kobolds
  4 quokkas
  3 frilled lizards
  2 rats (D:1)
92 creatures vanquished.

Notes
Turn   | Place    | Note
-------+----------+-------------------------------------------
     0 | D:1      | vilexy the Gargoyle Conjurer began the quest for the Orb.
     0 | D:1      | Reached XP level 1. HP: 10/10 MP: 3/3
   203 | D:1      | Reached XP level 2. HP: 15/15 MP: 1/5
   466 | D:1      | Reached skill level 5 in Conjurations
   874 | D:1      | Learned a level 2 spell: Searing Ray
   887 | D:1      | Found a faded altar of an unknown god.
   944 | D:1      | Reached XP level 3. HP: 12/19 MP: 0/6
  1456 | D:2      | Found an ancient bone altar of Kikubaaqudgha.
  2242 | D:2      | Reached XP level 4. HP: 24/24 MP: 0/8
  2574 | D:2      | Found the +1 Delatra's gloves {ID++}
  3008 | D:3      | Learned a level 4 spell: Fulminant Prism
  3142 | D:3      | Reached XP level 5. HP: 28/28 MP: 3/9
  3283 | D:3      | Found a radiant altar of Vehumet.
  3795 | D:4      | Found a staircase to the Ecumenical Temple.
  3799 | D:4      | Reached skill level 1 in Fighting
  3806 | Temple   | Entered the Ecumenical Temple
  4058 | Temple   | Became a worshipper of Ru the Awakened
  4186 | D:4      | Reached skill level 6 in Conjurations
  4321 | D:3      | Gained mutation: Your spells are a little easier to cast,
                  | but a little less powerful. [potion of mutation]
  4492 | D:4      | Found an opulent altar of Gozag.
  4509 | D:4      | Found Xoskic's Magic Scroll Shoppe.
  4531 | D:4      | Reached XP level 6. HP: 34/34 MP: 5/11
  4739 | D:4      | Learned a level 4 spell: Iskenderun's Mystic Blast
  5129 | D:4      | Noticed a necrophage
  5135 | D:4      | Killed a necrophage
  5449 | D:5      | Entered Level 5 of the Dungeon
  5532 | D:5      | Reached skill level 7 in Conjurations
  5532 | D:5      | Reached XP level 7. HP: 38/38 MP: 6/13
  5771 | D:5      | Reached skill level 5 in Spellcasting
  5815 | D:5      | Demolished by an orc warrior

Illustrated notes

Levels and vault maps discovered:
D:1:      dpeg_arrival_snail, layout_basic,
          shapermc_ecumenical_altar_mp_vishouse
D:2:      layout_loops_ring, basic_altar, pf_guarded_unrand_delatra
D:3:      layout_rooms, lemuel_coloured_pillars_altar, palyth_stone_intersect
D:4:      layout_basic, nicolae_gozag_seed_capital, temple_fountains,
          serial_shops, kennysheep_mini_moat
D:5:      layout_basic, minmay_misc_feat_square
Temple:   minmay_temple_curvy_branch

Skill      XL: |  1  2  3  4  5  6  7 |
---------------+----------------------+-----
Conjurations   | 5 6 7 |  7.6
Spellcasting   | 3 4 5 |  5.1
Fighting       | 1 |  1.3
Short Blades   | |  0.9
Dodging        | |  1.5
Stealth        | |  2.1

Action                   |  1- 3 |  4- 6 |  7- 9 || total
-------------------------+-------+-------+-------++-------
Melee: Dagger            |    32 |     6 |       ||    38
       Punch             |     1 |       |       ||     1
 Cast: Magic Dart        |    64 |    83 |     8 ||   155
       Searing Ray       |     2 |    20 |     7 ||    29
  Use: Scroll            |       |     4 |     1 ||     5
       Potion            |       |     1 |     1 ||     2
Armor: Robe              |    12 |     6 |       ||    18
Dodge: Dodged            |    35 |    25 |     4 ||    64
